 Dungeon Crawl Stone Soup version 0.23.2-1-ga50397a6bc (webtiles) character file.

Game seed: 8437046579484211177

14620 Andrea the Archer (level 11, -1/101 HPs)
             Began as a Centaur Hunter on May 5, 2019.
             Was a High Priest of Okawaru.
             Slain by a raiju (8 damage)
             ... on level 1 of the Abyss.
             The game lasted 00:41:08 (13394 turns).

Andrea the Archer (Centaur Hunter)                 Turns: 13394, Time: 00:41:09

Health: -1/101     AC: 24    Str: 22    XL:     11   Next: 91%
Magic:  11/11      EV:  7    Int: 10    God:    Okawaru [*****.]
Gold:   487        SH:  0    Dex: 16    Spells: 10/10 levels left

rFire    . . .     SeeInvis .   b - +2 trident (protect)
rCold    . . .     Gourm    .   (no shield)
rNeg     . . .     Faith    .   w - +0 plate armour
rPois    .         Spirit   .   G - +0 helmet
rElec    .         Reflect  .   r - +1 cloak
rCorr    .         Harm     .   p - +0 pair of gloves
MR       .....                  N - +1 centaur barding {Stlth+}
Stlth    ..........             (no amulet)
HPRegen  0.26/turn              (no ring)
MPRegen  0.12/turn              (no ring)

@: mighty, agile, about to teleport, protection aura, very quick
A: large, hooves 3, deformed body, speed 2, tough skin 3
a: Heroism, Finesse, Renounce Religion


You were on level 1 of the Abyss.
You worshipped Okawaru.
Okawaru was extremely pleased with you.
You were not hungry.

You visited 2 branches of the dungeon, and saw 11 of its levels.
You visited the Abyss 1 time.
You also visited: Ossuary.

You collected 682 gold pieces.
You spent 195 gold pieces at shops.

Inventory:

Hand Weapons
 a - a +2 shortbow of flaming
 b - a +2 trident of protection (weapon)
Missiles
 d - 197 arrows
 e - 3 poisoned javelins (quivered)
 L - 4 tomahawks of dispersal
Armour
 p - a +0 pair of gloves (worn)
 r - a +1 cloak (worn)
 w - a +0 plate armour (worn)
 G - a +0 helmet (worn)
 N - a +1 centaur barding of stealth (worn)
Jewellery
 o - an uncursed amulet of magic regeneration {unknown}
 t - an uncursed ring of teleportation
 K - a +4 ring of protection {unknown}
Scrolls
 g - 3 scrolls of remove curse
 k - 2 scrolls of magic mapping
 l - 3 scrolls of enchant armour
 q - 3 scrolls of brand weapon {unknown}
 v - 6 scrolls of teleportation
 x - 2 scrolls of fog
 y - 2 scrolls of enchant weapon
 z - 3 scrolls of immolation
 C - 2 scrolls of blinking {unknown}
 D - 3 scrolls of identify
 E - a scroll of fear
 J - 2 scrolls of amnesia
Potions
 h - 6 potions of curing
 i - 4 potions of brilliance
 m - 2 potions of ambrosia
 n - a potion of mutation
 s - 2 potions of agility
 u - 2 potions of cancellation
 A - 4 potions of might
 B - 2 potions of haste
 F - a potion of resistance {unknown}
 H - a potion of flight {unknown}
 I - 2 potions of magic {unknown}
Comestibles
 f - 18 rations


   Skills:
 + Level 10.7 Fighting
 * Level 11.4 Polearms
 - Level 14.0 Bows
 - Level 1.4 Dodging
 - Level 0.4 Stealth


You had 10 spell levels left.
You didn't know any spells.
Your spell library contained the following spells:

 Spells                   Type           Power        Failure   Level  Hunger
 Beastly Appendage        Tmut           #.....       100%        1    ##.....
 Shock                    Conj/Air       #...         100%        1    ##.....
 Sting                    Conj/Pois      #...         100%        1    ##.....
 Poisonous Vapours        Pois/Air       #.....       100%        2    ###....
 Sticks to Snakes         Tmut           #.......     100%        2    ###....
 Swiftness                Chrm/Air       #.......     100%        2    ###....
 Mephitic Cloud           Conj/Pois/Air  #.......     100%        3    ####...
 Spider Form              Tmut/Pois      #.........   100%        3    ####...
 Static Discharge         Conj/Air       #.......     100%        3    ####...
 Airstrike                Air            #.........   100%        4    #####..
 Ice Form                 Ice/Tmut       #.......     100%        4    #####..
 Olgreb's Toxic Radiance  Pois           #.......     100%        4    #####..
 Blade Hands              Tmut           #.........   100%        5    ######.
 Lightning Bolt           Conj/Air       #.........   100%        5    ######.
 Venom Bolt               Conj/Pois      #.........   100%        5    ######.


Dungeon Overview and Level Annotations

Branches:
Dungeon (10/15)            Temple (1/1) D:5             Orc (0/2) D:9
   Lair: D:8-11

Altars:
Ashenzari
Cheibriados
Dithmenos
Elyvilon
Fedhas
Gozag
Hepliaklqana
Kikubaaqudgha
Makhleb
Nemelex Xobeh
Okawaru
Qazlal
Ru
Sif Muna
Trog
Uskayaw
Vehumet
Wu Jian
Xom
Yredelemnul
Zin
The Shining One

Shops:
D:7 *

Annotations:
D:8 exclusion: door
D:10 Sonja


Innate Abilities, Weirdness & Mutations

You have hooves in place of feet.
Armour fits poorly on your strangely shaped body.
You cover ground very quickly.
You have extremely tough skin. (AC +3)


Message History

You puncture the demonic crawler! You kick the demonic crawler.
The demonic crawler is almost dead.
The demonic crawler hits you.
* * * LOW HITPOINT WARNING * * *
The demonic crawler hits you but does no damage. x2
You hit the demonic crawler but do no damage.
You kick the demonic crawler!
The demonic crawler is almost dead.
The demonic crawler hits you but does no damage. x3
You puncture the demonic crawler!
You kill the demonic crawler!
Okawaru accepts your kill.
The ynoxinul gestures.
You see here a ration.
The ynoxinul gestures.
The small abomination hits you but does no damage.
The raiju bites you!
* * * LOW HITPOINT WARNING * * *
The raiju shocks you!
You die...

.#. #. # . ..##
## # # .. # ###
.# .. #...##.
##... .##
s##.##... .. #.
. ### # #
.###.## ######
..##
###.#355##.....#
. ..
...##.#ยง#3#@# .
### ###.535hx#
.#. #....#..5#.#
# #..#..#...5..#
##.##..#.#. #
.#..##.. ...#h#
.## ##.. .. # #.
..#


You could see a raiju, a small abomination and 3 ufetubi.

Vanquished Creatures
  Gastronok (D:8)
  Josephine (D:10)
  Harold (D:7)
  A hydra (D:9)
  A two-headed ogre (D:10)
  Nergalle (D:10)
  Pikel (D:5)
  An ugly thing (D:10)
  A gargoyle (D:10)
  A demonic crawler (Abyss:1)
  A troll (D:9)
  Prince Ribbit (D:5)
  2 dream sheep (D:9)
  5 wraiths (D:10)
  8 yaks (D:9)
  A hungry ghost (D:9)
  Edmund (D:4)
  7 orc warriors
  3 ice beasts
  A slave (D:4)
  A black bear (D:9)
  2 necrophages
  2 ogres
  2 centaurs (D:8)
  3 big kobolds (D:9)
  An elf zombie (Ossuary)
  2 crocodiles
  3 gnoll sergeants
  6 bullfrogs
  A scorpion (D:4)
  4 wights
  7 howler monkeys
  5 crimson imps
  7 orc priests
  13 orc wizards
  3 hounds
  2 human zombies (Ossuary)
  Crazy Yiuf (D:7)
  2 centaur skeletons
  3 centaur zombies
  Terence (D:2)
  3 iguanas
  Natasha (thrice) (D:2)
  8 worker ants
  3 ogre zombies (Ossuary)
  7 mummies (Ossuary)
  A hound skeleton (D:9)
  10 adders
  16 gnolls
  An ooze (D:1)
  6 adder zombies
  3 adder skeletons
  3 worms
  A dart slug (D:3)
  8 leopard geckos
  37 orcs
  9 giant cockroaches
  6 hobgoblins
  6 jackals
  7 kobolds
  3 quokkas
  5 ball pythons
  5 bats
  5 frilled lizards
  A gnoll zombie (Ossuary)
  7 goblins
  3 goblin zombies
  4 hobgoblin zombies (Ossuary)
  A jackal skeleton (D:5)
  2 kobold zombies (Ossuary)
  4 quokka zombies
  11 rats
  6 rat zombies
306 creatures vanquished.

Vanquished Creatures (others)
  An orc wizard (D:7)
  A lurking horror (Abyss:1)
2 creatures vanquished.

Grand Total: 308 creatures vanquished

Notes
Turn   | Place    | Note
-------+----------+-------------------------------------------
     0 | D:1      | Andrea the Centaur Hunter began the quest for the Orb.
     0 | D:1      | Reached XP level 1. HP: 17/17 MP: 1/1
     3 | D:1      | Noticed an octopode
     3 | D:1      | Noticed a centaur
     5 | D:1      | Noticed a demonspawn
     8 | D:1      | Noticed a minotaur
     8 | D:1      | Noticed an elf
    10 | D:1      | Noticed a gargoyle
    10 | D:1      | Noticed a vampire
    13 | D:1      | Noticed a vine stalker
    13 | D:1      | Noticed a halfling
    15 | D:1      | Noticed a dwarf
    15 | D:1      | Noticed a troll
    17 | D:1      | Noticed a naga
    19 | D:1      | Noticed a felid
    19 | D:1      | Noticed a formicid
    21 | D:1      | Noticed a tengu
    23 | D:1      | Noticed a demigod
    25 | D:1      | Noticed a draconian
    25 | D:1      | Noticed a spriggan
    27 | D:1      | Noticed a merfolk
    27 | D:1      | Noticed an ogre
    29 | D:1      | Noticed a human
    29 | D:1      | Noticed a ghoul
   200 | D:1      | Reached XP level 2. HP: 16/24 MP: 2/2
   276 | D:1      | Reached skill level 6 in Bows
   742 | D:2      | Noticed Terence
   848 | D:2      | Noticed Natasha
   850 | D:2      | Noticed a crimson imp
   869 | D:2      | Killed Natasha
   869 | D:2      | Reached XP level 3. HP: 17/30 MP: 3/3
  1028 | D:2      | Noticed Natasha
  1034 | D:2      | Killed Natasha
  1034 | D:2      | Reached XP level 4. HP: 32/37 MP: 4/4
  1049 | D:2      | Reached skill level 7 in Bows
  1051 | D:2      | Noticed Natasha
  1059 | D:2      | Killed Natasha
  1446 | D:2      | Reached XP level 5. HP: 29/45 MP: 5/5
  1738 | D:2      | Killed Terence
  1919 | D:2      | Found a white marble altar of Elyvilon.
  1921 | D:2      | Found an iron altar of Okawaru.
  2203 | D:2      | Found an ancient bone altar of Kikubaaqudgha.
  2204 | D:2      | Found a blossoming altar of Fedhas.
  2429 | D:3      | Reached skill level 8 in Bows
  2544 | D:3      | Noticed an orc warrior
  2569 | D:3      | Reached skill level 1 in Polearms
  2569 | D:3      | Reached XP level 6. HP: 44/52 MP: 6/6
  2617 | D:3      | Killed an orc warrior
  3486 | D:4      | Reached skill level 9 in Bows
  3598 | D:4      | Reached XP level 7. HP: 58/60 MP: 7/7
  3997 | D:4      | Noticed Edmund
  4055 | D:4      | Killed Edmund
  4143 | D:4      | Reached skill level 10 in Bows
  4402 | D:4      | Reached skill level 5 in Fighting
  4797 | D:5      | Entered Level 5 of the Dungeon
  4800 | D:5      | Found a sand-covered staircase.
  4809 | Ossuary  | Entered an ossuary
  4935 | Ossuary  | Reached XP level 8. HP: 64/68 MP: 8/8
  5476 | D:5      | Reached skill level 11 in Bows
  5509 | D:5      | Noticed Prince Ribbit
  5537 | D:5      | Killed Prince Ribbit
  5597 | D:5      | Found a staircase to the Ecumenical Temple.
  5606 | Temple   | Entered the Ecumenical Temple
  5832 | D:2      | Became a worshipper of Warmaster Okawaru
  6102 | D:5      | Noticed Pikel
  6243 | D:5      | Killed Pikel
  6243 | D:5      | Reached * piety under Okawaru
  6243 | D:5      | Reached skill level 12 in Bows
  6243 | D:5      | Reached XP level 9. HP: 78/78 MP: 9/9
  6597 | D:5      | Found a shimmering altar of Xom.
  6649 | D:5      | Reached ** piety under Okawaru
  6902 | D:6      | Reached skill level 5 in Polearms
  7193 | D:6      | Reached skill level 13 in Bows
  7802 | D:7      | Noticed Harold
  8572 | D:7      | Killed Harold
  8572 | D:7      | Reached *** piety under Okawaru
  8572 | D:7      | Reached skill level 14 in Bows
  8572 | D:7      | Reached XP level 10. HP: 41/88 MP: 10/10
  8862 | D:7      | Found Morim's Assorted Antiques.
  8911 | D:7      | Bought 3 scrolls labeled PEGI FISILI for 78 gold pieces
  8911 | D:7      | Bought a helmet for 117 gold pieces
  8991 | D:7      | Found a deep blue altar of Sif Muna.
  9087 | D:7      | Found a runed translucent door.
  9088 | D:7      | Noticed Crazy Yiuf
  9097 | D:7      | Killed Crazy Yiuf
  9376 | D:8      | Reached **** piety under Okawaru
  9379 | D:8      | Noticed Gastronok
  9455 | D:8      | Killed Gastronok
  9455 | D:8      | Received a gift from Okawaru
  9455 | D:8      | Reached ***** piety under Okawaru
  9455 | D:8      | Received a gift from Okawaru
 10257 | D:9      | Received a gift from Okawaru
 10521 | D:9      | Found a staircase to the Orcish Mines.
 10541 | D:9      | Reached XP level 11. HP: 96/96 MP: 11/11
 10551 | D:9      | Received a gift from Okawaru
 11428 | D:9      | Noticed a two-headed hydra
 11461 | D:9      | Killed a two-headed hydra
 11461 | D:9      | Received a gift from Okawaru
 11461 | D:9      | Reached skill level 10 in Polearms
 11566 | D:10     | Entered Level 10 of the Dungeon
 11615 | D:10     | Noticed a cyan ugly thing
 11727 | D:10     | Killed a cyan ugly thing
 11727 | D:10     | Reached skill level 10 in Fighting
 11908 | D:10     | Noticed Josephine
 11990 | D:10     | Killed Josephine
 12535 | D:10     | Noticed Nergalle
 12613 | D:10     | Killed Nergalle
 12686 | D:10     | Received a gift from Okawaru
 12726 | D:10     | Noticed a two-headed ogre
 12771 | D:10     | Killed a two-headed ogre
 12999 | D:10     | Noticed Sonja
 13014 | D:10     | Cast into level 1 of the Abyss (Sonja)
 13048 | Abyss:1  | Noticed an orc sorcerer
 13066 | Abyss:1  | HP: 4/101 [raiju/living lightning (19)]
 13117 | Abyss:1  | Noticed a revenant
 13394 | Abyss:1  | Slain by a raiju

Skill      XL: |  1  2  3  4  5  6  7  8  9 10 11 |
---------------+----------------------------------+-----
Bows           | 6 7 8 9 10 12 14 | 14.0
Fighting       | 3 4 5 6 7 9 10 | 10.7
Polearms       | 1 2 3 4 6 9 11 | 11.4
Dodging        | |  1.4
Stealth        | |  0.4

Action                   |  1- 3 |  4- 6 |  7- 9 | 10-12 || total
-------------------------+-------+-------+-------+-------++-------
Melee: Short sword       |    63 |    48 |       |       ||   111
       Kick              |     8 |    27 |    80 |    64 ||   179
       Trident           |       |   126 |   408 |   297 ||   831
 Fire: Shortbow          |    26 |    62 |   201 |   364 ||   653
  Use: Potion            |       |       |     1 |     9 ||    10
       Scroll            |       |       |    21 |     3 ||    24
 Stab: Invisible         |       |       |     5 |       ||     5
  Eat: Chunk             |       |     6 |    13 |    11 ||    30
       Ration            |       |       |       |     3 ||     3
Armor: Leather armour    |    34 |    52 |       |       ||    86
       Plate armour      |       |    34 |   289 |   213 ||   536
Dodge: Dodged            |    36 |    44 |    32 |    25 ||   137
